 Dungeon Crawl Stone Soup version 0.18-a0-1120-g03bd624 (webtiles) character file.

594 ater218 the Covert (level 7, 0/46 HPs)
             Began as a Vampire Enchanter on Jan 17, 2016.
             Was a Follower of Dithmenos.
             Succumbed to a worker ant's poison
             ... on level 5 of the Dungeon.
             The game lasted 00:31:02 (7002 turns).

ater218 the Covert (Vampire Enchanter)              Turns: 7002, Time: 00:31:02

Health: 0/46       AC:  5    Str:  9    XL:     7   Next: 16%
Magic:  1/11       EV: 14    Int: 20    God:    Dithmenos [*.....]
Gold:   193        SH:  0    Dex: 14    Spells: 2 memorised, 8 levels left

rFire  . . .     SeeInvis +     a - +1 dagger
rCold  + . .     Gourm    .     b - +1 robe
rNeg   + + .     Faith    .     (no shield)
rPois  +         Spirit   .     (no helmet)
rElec  .         Dismiss  .     (no cloak)
rCorr  .         Reflect  .     i - +0 pair of gloves
SustAt .         Harm     .     l - +0 pair of boots
MR     .....                    (no amulet)
Stlth  ++++++....               o - +2 ring of strength
                                e - ring of poison resistance

@: lethally poisoned (0 -> -11), regenerating slowly, wreathed by umbra, not
resistant to hostile enchantments, very stealthy
A: fangs 3, see invisible, unbreathing
a: Bat Form, Renounce Religion


You were on level 5 of the Dungeon.
You worshipped Dithmenos.
Dithmenos was aware of your devotion.
You were thirsty.

You visited 1 branch of the dungeon, and saw 6 of its levels.
You also visited: Sewer.

You collected 193 gold pieces.

Inventory:

Hand Weapons
 a - a +1 dagger (weapon)
 h - a -3 dagger
Armour
 b - a +1 robe (worn)
 i - a +0 pair of gloves (worn)
 l - a +0 pair of boots (worn)
Jewellery
 e - a ring of poison resistance (left hand)
 o - a +2 ring of strength (right hand)
Wands
 d - a wand of confusion (14/48)
Scrolls
 g - 4 scrolls of remove curse
 j - a scroll of blinking {unknown}
 n - 2 scrolls of identify
Potions
 f - 4 potions of blood
 r - a potion of curing
Books
 c - a book of Maledictions

   Spells                             Type                      Level
   a - Corona                         Hexes                        1
   b - Ensorcelled Hibernation        Hexes/Ice                    2
   c - Confuse                        Hexes                        3
   d - Tukima's Dance                 Hexes                        3
   e - Dazzling Spray                 Conjuration/Hexes            3


   Skills:
 + Level 1.7 Short Blades
 + Level 4.4 Dodging
 * Level 9.1 Stealth
 + Level 2.8 Spellcasting
 * Level 6.3 Hexes
 - Level 1.3 Ice Magic


You had 8 spell levels left.
You knew the following spells:

 Your Spells              Type           Power        Failure   Level  Hunger
a - Corona                Hex            ####...      1%          1    None
b - Ensorcelled Hibernat  Hex/Ice        ###...       4%          2    ##.....


Dungeon Overview and Level Annotations

Branches:
Dungeon (6/15)
 Temple: D:4-7

Altars:
Dithmenos
Fedhas
Xom
Zin

Annotations:
D:4 truemonolith's ghost, amateur DDFi


Innate Abilities, Weirdness & Mutations

You heal slowly.
You have razor-sharp teeth.
You have supernaturally acute eyesight.
You can survive without breathing.


Message History

The worker ant resists with significant effort.
The worker ant bites you.
* * * LOW HITPOINT WARNING * * *
Casting: Ensorcelled Hibernation
Confirm with . or Enter, or press ? or * to list all spells.
Aiming: Ensorcelled Hibernation
Press: ? - help, Shift-Dir - straight line, f/p - worker ant
Aim: a worker ant (umbra, chance to defeat MR: 57%)
The worker ant resists with significant effort.
The worker ant bites you.
* * * LOW HITPOINT WARNING * * *
You are lethally poisoned!
The worker ant poisons you!
Casting: Ensorcelled Hibernation
Confirm with . or Enter, or press ? or * to list all spells.
Aiming: Ensorcelled Hibernation
Press: ? - help, Shift-Dir - straight line, f/p - worker ant
Aim: a worker ant (umbra, chance to defeat MR: 57%)
The worker ant looks drowsy...
You die...

#......
###.....
#......#
#...(..#
#......#
#......#
#>a.>..#
#..@...#
#....%.#
+......#
#......#
###'####
... ....
.....
#######


You could see a worker ant (sleeping).

Vanquished Creatures
  Purgy (Sewer)
  An ogre (D:5)
  A crimson imp (D:4)
  Ijyb (D:2)
  5 worker ants
  2 iguanas
  An orc wizard (D:4)
  3 adders
  A river rat (D:4)
  A shadow imp (D:5)
  2 oozes (D:2)
  2 worms
  5 giant geckos
  2 orcs (D:4)
  4 bats
  6 giant cockroaches
  12 goblins
  9 hobgoblins
  8 jackals
  5 quokkas
  A ball python (D:4)
  6 giant newts
  A jackal skeleton (D:4)
  11 kobolds
  4 rats
95 creatures vanquished.

Notes
Turn   | Place    | Note
--------------------------------------------------------------
     0 | D:1      | ater218 the Vampire Enchanter began the quest for the Orb.
     0 | D:1      | Reached XP level 1. HP: 13/13 MP: 3/3
   267 | D:1      | Reached XP level 2. HP: 19/19 MP: 5/5
   494 | D:1      | Learned a level 2 spell: Ensorcelled Hibernation
   804 | D:1      | You fall through a shaft!
   852 | D:2      | Reached skill level 5 in Stealth
   950 | D:2      | Reached XP level 3. HP: 6/24 MP: 0/6
  1663 | D:2      | Found a blossoming altar of Fedhas.
  1694 | D:2      | Reached skill level 5 in Hexes
  1795 | D:2      | Reached XP level 4. HP: 22/30 MP: 1/7
  1875 | D:2      | Reached skill level 6 in Stealth
  2522 | D:2      | Noticed Ijyb
  2529 | D:2      | Killed Ijyb
  2665 | D:3      | Found a shimmering altar of Xom.
  2977 | D:3      | Found a shadowy altar of Dithmenos.
  2981 | D:3      | Became a worshipper of Dithmenos the Shadowed
  3225 | D:3      | Gained mutation: You are dopey. (Int -2) [potion of mutation]
  3225 | D:3      | Gained mutation: You have sharp toenails. [potion of mutation]
  3225 | D:3      | Gained mutation: You possess an exceptional clarity of mind. [potion of mutation]
  3499 | D:4      | Reached skill level 7 in Stealth
  3499 | D:4      | Reached XP level 5. HP: 35/35 MP: 5/8
  3701 | D:4      | Found a glowing silver altar of Zin.
  3729 | D:4      | Noticed truemonolith's ghost (amateur DDFi)
  3895 | D:4      | Found a glowing drain.
  3925 | Sewer    | Entered a sewer
  3982 | Sewer    | Reached skill level 1 in Ice Magic
  4094 | Sewer    | Noticed Purgy
  4122 | Sewer    | Killed Purgy
  4122 | Sewer    | Reached XP level 6. HP: 18/41 MP: 0/9
  4475 | D:4      | Reached skill level 8 in Stealth
  4507 | D:4      | Reached * piety under Dithmenos
  4621 | D:4      | Lost mutation: You are dopey. (Int -2) [potion of cure mutation]
  4621 | D:4      | Lost mutation: You possess an exceptional clarity of mind. [potion of cure mutation]
  4621 | D:4      | Lost mutation: You have sharp toenails. [potion of cure mutation]
  4856 | D:5      | Entered Level 5 of the Dungeon
  5587 | D:5      | Noticed a water moccasin
  6755 | D:5      | Reached skill level 9 in Stealth
  6755 | D:5      | Reached XP level 7. HP: 46/46 MP: 3/11
  7001 | D:5      | HP: 1/46 [worker ant (4)]
  7002 | D:5      | Succumbed to a worker ant's poison

Vault maps used:
D:1:      dpeg_arrival_long_road
D:2:      lemuel_crystal_altar, uniq_iyjb
D:3:      xom_butterflies, first_bread, grunt_dithmenos_smoke_and_mirrors
D:4:      zin_academy, portal_sewer_entry_b
D:6:      minmay_temple_entry_junction
Sewer:    kennysheep_door_sewer

Action                   |  1- 3 |  4- 6 |  7- 9 || total
-------------------------+-------+-------+-------++-------
Melee: Dagger            |   100 |   247 |     8 ||   355
 Cast: Corona            |     6 |       |       ||     6
       Ensorcelled Hiber |    24 |    61 |     7 ||    92
Evoke: Wand              |       |     1 |     1 ||     2
  Use: Potion            |     3 |    24 |       ||    27
       Scroll            |     3 |    13 |       ||    16
 Stab: Sleeping          |    23 |    43 |     1 ||    67
  Eat: Corpse            |     1 |       |       ||     1
